 Dungeon Crawl Stone Soup version 0.17.2-1-ge4368a0 (webtiles) character file.

53 Charly the Insei (level 3, 0/17 HPs)
             Began as a Vine Stalker Transmuter on July 9, 2017.
             Slain by a worker ant (5 damage)
             ... on level 4 of the Dungeon.
             The game lasted 00:03:38 (203 turns).

Charly the Insei (Vine Stalker Transmuter)           Turns: 203, Time: 00:03:38

Health: 0/17       AC:  3    Str: 12    XL:     3   Next: 89%
Magic:  0/7        EV: 17    Int: 14    God:
Gold:   18         SH:  0    Dex: 19    Spells: 3 memorised, 0 levels left

rFire  . . .     SeeInvis .       - Unarmed
rCold  . . .     Clarity  .     b - +0 robe
rNeg   . . .     SustAt   .     (no shield)
rPois  .         Gourm    .     (no helmet)
rElec  .         Spirit   +     (no cloak)
rCorr  .         Warding  .     f - +0 pair of gloves
rMut   .         Stasis   .     (no boots)
MR     .....                    (no amulet)
Stlth  +++.......               (no ring)
                                (no ring)

@: agile, not resistant to hostile enchantments, fairly stealthy
A: fangs 2, regeneration 1, magic shield, antimagic bite, no device heal 3, rot
immunity
a: no special abilities


You were on level 4 of the Dungeon.
You were not hungry.

You visited 1 branch of the dungeon, and saw 3 of its levels.

You collected 18 gold pieces.

Inventory:

Missiles
 a - 9 arrows
 j - 10 arrows of flame
Armour
 b - a +0 robe (worn)
 f - a +0 pair of gloves (worn)
Scrolls
 g - a scroll of remove curse {unknown}
 h - a scroll of fog {unknown}
 i - a scroll of teleportation {unknown}
Books
 c - a book of Changes

   Spells                             Type                      Level
   a - Beastly Appendage              Transmutation                1
   b - Sticks to Snakes               Transmutation                2
   c - Spider Form                    Transmutation/Poison         3
   d - Ice Form                       Ice/Transmutation            4
   e - Blade Hands                    Transmutation                5
Comestibles
 d - a bread ration


   Skills:
 - Level 0.8 Fighting
 - Level 1.5 Dodging
 - Level 4.5 Unarmed Combat
 - Level 2.1 Spellcasting
 + Level 2.1 Transmutations
 + Level 0.4 Poison Magic


You couldn't memorise any spells.
You knew the following spells:

 Your Spells              Type           Power        Failure   Level  Hunger
a - Beastly Appendage     Trmt           #.....       12%         1    #......
s - Sticks to Snakes      Trmt           #.........   17%         2    ###....
S - Spider Form           Trmt/Pois      #.........   47%         3    ###....


Dungeon Overview and Level Annotations

Branches:
Dungeon (4/15)
 Temple: D:4-7

Altars:

Portals:
Sewer: D:4


Innate Abilities, Weirdness & Mutations

You have extremely sharp teeth.
Your natural rate of healing is unusually fast.
When hurt, damage is shared between your health and your magic reserves.
Your bite disrupts and absorbs the magic of your enemies.
Potions and wands cannot restore your health.
You are immune to rotting.


Message History

Found a stone staircase leading down.
Read which item? (? for menu, Esc to quit)
Okay, then.
Drop what? 11/52 slots (_ for help) (? for menu, Esc to quit)
Okay, then.
Drink which item? (? for menu, Esc to quit)
It was a potion of cancellation.
You feel magically purged.
The worker ant twitches its antennae in your direction.
The worker ant waves its antennae.
The worker ant closely misses you.
The worker ant waves its antennae.
Drink which item? (? for menu, Esc to quit)
It was a potion of agility.
You feel agile all of a sudden. The worker ant completely misses you.
You hit the worker ant.
You bite the worker ant, but do no damage.
The worker ant is moderately wounded.
The worker ant bites you!
You die...

# ##. #..
##..###########.....
>..#....wara@.......
##.......r#######..
#..........#
#.....###### #
#......≈≈≈∩# #.
#......≈≈≈≈#
..###.......≈≈≈#
....#......≈≈≈#
###.#....$..≈≈#
#.#.#


You could see a worm, 2 worker ants and 2 river rats.

Vanquished Creatures
  A scorpion (D:4)
  An ooze (D:1)
  An adder skeleton (D:4)
  3 ball pythons (D:4)
  A goblin (D:1)
  A kobold (D:2)
  A rat (D:2)
9 creatures vanquished.

Vanquished Creatures (collateral kills)
  2 giant cockroaches (D:4)
2 creatures vanquished.

Grand Total: 11 creatures vanquished

Notes
Turn   | Place    | Note
--------------------------------------------------------------
     0 | D:1      | Charly the Vine Stalker Transmuter began the quest for the Orb.
     0 | D:1      | Reached XP level 1. HP: 9/9 MP: 4/4
    75 | D:1      | You fall through a shaft!
    78 | D:2      | Reached XP level 2. HP: 14/14 MP: 6/6
   102 | D:2      | Learned a level 2 spell: Sticks to Snakes
   103 | D:2      | You fall through a shaft for 2 floors!
   105 | D:4      | Noticed a scorpion
   138 | D:4      | Killed a scorpion
   138 | D:4      | Reached skill level 4 in Unarmed Combat
   138 | D:4      | Reached XP level 3. HP: 3/17 MP: 1/7
   148 | D:4      | Learned a level 3 spell: Spider Form
   166 | D:4      | Found a glowing drain.
   203 | D:4      | Slain by a worker ant

Action                   || total
-------------------------++-------
Melee: Unarmed           ||    27
 Cast: Sticks to Snakes  ||     3
  Use: Potion            ||     4
